 Dungeon Crawl Stone Soup version 0.26-a0-215-g1b87330c0f (webtiles) character file.

Game seed: 3747882944691361562

224 MrRokkomies the Chiller (level 6, 0/48 HPs)
             Began as a Barachi Ice Elementalist on July 6, 2020.
             Slain by a gnoll
             ... wielding a +0 flail
              (11 damage)
             ... on level 2 of the Dungeon.
             The game lasted 00:04:22 (2096 turns).

MrRokkomies the Chiller (Barachi Ice Elementalist)  Turns: 2096, Time: 00:04:24

Health: 0/48       AC:  2    Str: 11    XL:     6   Next: 0%
Magic:  3/9        EV: 13    Int: 16    God:
Gold:   110        SH:  4    Dex: 12    Spells: 5/9 levels left

rFire    . . .     SeeInvis .   h - +0 rapier
rCold    . . .     Faith    .   i - +0 buckler
rNeg     . . .     Spirit   .   a - +0 robe
rPois    .         Reflect  .   (no helmet)
rElec    .         Harm     .   (no cloak)
rCorr    .                      (no gloves)
MR       .....                  (no boots)
Stlth    ++........             (no amulet)
HPRegen  0.16/turn              (no ring)
MPRegen  0.11/turn              (no ring)

@: frozen ramparts, slow
A: +LOS, swims, slowness 1, strong legs 1
a: Hop


You were on level 2 of the Dungeon.
You were not hungry.

You visited 1 branch of the dungeon, and saw 2 of its levels.

You collected 110 gold pieces.

Inventory:

Hand Weapons
 d - a +0 short sword
 h - a +0 rapier (weapon)
Armour
 a - a +0 robe (worn)
 i - a +0 buckler (worn)
Scrolls
 b - a scroll of amnesia {unknown}
 g - a scroll of blinking
 j - a scroll of remove curse
Potions
 e - 2 potions of lignification {unknown}
 f - a potion of berserk rage {unknown}
 k - a potion of curing {unknown}
Comestibles
 c - a ration


   Skills:
 * Level 3.8 Fighting
 + Level 3.3 Dodging
 - Level 1.7 Stealth
 + Level 1.8 Shields
 - Level 2.1 Spellcasting
 * Level 6.3 Ice Magic


You had 5 spell levels left.
You knew the following spells:

 Your Spells              Type           Power        Failure   Level
a - Freeze                Ice            ###.         1%          1
b - Frozen Ramparts       Ice            ###...       6%          3

Your spell library contained the following spells:

 Spells                   Type           Power        Failure   Level
 Ozocubu's Armour         Chrm/Ice       ##......     22%         3
 Hailstorm                Conj/Ice       ##......     58%         4
 Summon Ice Beast         Ice/Summ       ##......     58%         4


Dungeon Overview and Level Annotations

Branches:
Dungeon (2/15)

Altars:
Dithmenos
Fedhas
Okawaru


Innate Abilities, Weirdness & Mutations

You can be seen from farther away. (+LOS)
You can swim through water.
You cover ground slowly.
You can hop short distances.


Message History

The kobold throws a stone.
You block the stone. The gnoll barely misses you.
You see here 2 stones.
The gnoll barely misses you.
The kobold throws a stone.
The stone misses you.
You see here a stone.
Casting: Freeze (safe; 1% risk of failure)
Confirm with . or Enter, or press ? or * to list all spells.
The walls around you are covered in ice.
The wall freezes the gnoll.
The gnoll hits you with a +0 flail!
* * * LOW HITPOINT WARNING * * *
The wall freezes the gnoll.
Casting: Frozen Ramparts (dangerous; 6% risk of failure)
Confirm with . or Enter, or press ? or * to list all spells.
Aiming: Freeze (safe; 1% risk of failure)
Press: ? - help, Shift-Dir - straight line, f - gnoll
Aim: a gnoll, wielding a +0 flail (moderately wounded)
You freeze the gnoll.
The gnoll is heavily wounded.
The wall freezes the gnoll. x2; The gnoll hits you with a +0 flail!
You die...

.###...........#
.#...#########.#
.# #.# .# #.##
...# #..# ...#
##.# .#(# ###.##
.#.# #####).).#
.#.# #.....##@#
.#
######.###.##g#
..
........)...g#
..####.####.K#
##.....##..#
#.......#..#
#.#.......#..#
......_..(...#
#.#.......#..#


You could see 2 gnolls and a kobold.

Vanquished Creatures
  Sigmund (D:2)
  2 gnolls
  An adder (D:2)
  A dart slug (D:2)
  6 bats
  3 giant cockroaches (D:1)
  5 goblins
  3 hobgoblins
  2 jackals (D:1)
  A ball python (D:1)
  4 frilled lizards
  5 kobolds
  5 rats
39 creatures vanquished.

Notes
Turn   | Place    | Note
-------+----------+-------------------------------------------
     0 | D:1      | MrRokkomies the Barachi Ice Elementalist began the quest
                  | for the Orb.
     0 | D:1      | Reached XP level 1. HP: 13/13 MP: 3/3
   219 | D:1      | Reached skill level 1 in Fighting
   219 | D:1      | Reached skill level 5 in Ice Magic
   219 | D:1      | Reached XP level 2. HP: 2/21 MP: 0/5
   953 | D:1      | Reached XP level 3. HP: 26/27 MP: 6/6
  1596 | D:2      | Learned a level 3 spell: Frozen Ramparts
  1647 | D:2      | Found a blossoming altar of Fedhas.
  1703 | D:2      | Noticed Sigmund
  1709 | D:2      | Killed Sigmund
  1709 | D:2      | Reached skill level 1 in Shields
  1709 | D:2      | Reached skill level 6 in Ice Magic
  1709 | D:2      | Reached XP level 4. HP: 14/37 MP: 0/7
  1709 | D:2      | Reached XP level 5. HP: 16/42 MP: 0/8
  1924 | D:2      | Found a shadowy altar of Dithmenos.
  2068 | D:2      | Reached XP level 6. HP: 33/48 MP: 4/9
  2079 | D:2      | Found an iron altar of Okawaru.
  2096 | D:2      | Slain by a gnoll

Illustrated notes

Levels and vault maps discovered:
D:1:      giann_bridges, layout_loops_ring
D:2:      layout_basic, old_standard_altar, grunt_dithmenos_smoke, first_ration,
          fedhas_ov_isle_minmay, uniq_sigmund

Skill      XL: |  1  2  3 |
---------------+----------+-----
Fighting       | 1 3 |  3.8
Ice Magic      | 5 6 |  6.3
Dodging        | 3 |  3.3
Shields        | 1 |  1.8
Stealth        | |  1.7
Spellcasting   | |  2.1

Action                   |  1- 3 |  4- 6 || total
-------------------------+-------+-------++-------
Melee: Unarmed           |    26 |       ||    26
       Short sword       |    48 |       ||    48
       Rapier            |    15 |    30 ||    45
 Cast: Freeze            |    14 |     2 ||    16
       Frozen Ramparts   |     1 |     2 ||     3
  Use: Scroll            |     3 |       ||     3
 Stab: Sleeping          |     2 |     2 ||     4
  Eat: Ration            |     1 |     1 ||     2
Armor: Robe              |    17 |     1 ||    18
Dodge: Dodged            |    55 |    19 ||    74
Block: Buckler           |     5 |     9 ||    14

Table legend:
 A = Non-vault XP
 B = Vault XP
 C = Vault XP percentage of total XP
 D = Non-vault monster count
 E = Vault monster count
 F = Vault count percentage of total count
                 A         B        C        D         E       F
            +---------+---------+-------+---------+---------+-------
      Total |      94 |     227 |  70.7 |      38 |       1 |   2.6
            +---------+---------+-------+---------+---------+-------
        D:1 |      46 |       0 |   0.0 |      23 |       0 |   0.0
        D:2 |      48 |     227 |  82.5 |      15 |       1 |   6.2
            +---------+---------+-------+---------+---------+-------
